 Dungeon Crawl Stone Soup version 0.23.2-33-g5129a83184 (webtiles) character file.

Game seed: 5926314499620030405

71 Aesthetico the Chiller (level 4, -2/32 HPs)
             Began as a Gnoll Ice Elementalist on July 18, 2019.
             Slain by an orc warrior
             ... wielding a +0 flail of venom
              (11 damage)
             ... on level 3 of the Dungeon.
             The game lasted 00:04:43 (1226 turns).

Aesthetico the Chiller (Gnoll Ice Elementalist)     Turns: 1226, Time: 00:04:43

Health: -2/32      AC:  3    Str: 10    XL:     4   Next: 24%
Magic:  11/11      EV: 15    Int: 19    God:
Gold:   91         SH:  0    Dex: 15    Spells: 12/13 levels left

rFire    . . .     SeeInvis .   l - +2 mace (drain)
rCold    . . .     Gourm    .   (no shield)
rNeg     . . .     Faith    .   a - +0 robe
rPois    .         Spirit   .   i - +0 helmet
rElec    .         Reflect  .   (no cloak)
rCorr    .         Harm     .   (no gloves)
MR       .....                  (no boots)
Stlth    +++.......             (no amulet)
HPRegen  0.10/turn              (no ring)
MPRegen  0.12/turn              (no ring)

@: lethally poisoned (-2 -> -19)
A: distributed training, fangs 1, strong nose
a: no special abilities


You were on level 3 of the Dungeon.
You were not hungry.

You visited 1 branch of the dungeon, and saw 3 of its levels.

You collected 91 gold pieces.

Inventory:

Hand Weapons
 l - a +2 mace of draining (weapon)
Missiles
 b - 38 arrows
 g - 2 tomahawks (quivered)
 k - 10 poisoned needles
Armour
 a - a +0 robe (worn)
 i - a +0 helmet (worn)
 q - a +0 chain mail
Scrolls
 e - 2 scrolls of remove curse {unknown}
 f - 2 scrolls of enchant weapon {unknown}
 m - a scroll of teleportation {unknown}
 n - a scroll of identify {unknown}
Potions
 j - a potion of flight {unknown}
 p - a potion of agility {unknown}
Comestibles
 c - 3 rations


   Skills:
 + Level 1.0 Fighting
 + Level 1.0 Short Blades
 + Level 1.0 Long Blades
 + Level 1.0 Axes
 + Level 1.0 Maces & Flails
 + Level 1.0 Polearms
 + Level 1.0 Staves
 + Level 1.0 Slings
 + Level 1.0 Bows
 + Level 1.0 Crossbows
 + Level 1.0 Throwing
 + Level 1.0 Armour
 + Level 4.6 Dodging
 + Level 4.2 Stealth
 + Level 1.0 Shields
 + Level 1.0 Unarmed Combat
 + Level 5.0 Spellcasting
 + Level 2.2 Conjurations
 + Level 0.8 Hexes
 + Level 0.8 Charms
 + Level 0.8 Summonings
 + Level 0.8 Necromancy
 + Level 0.8 Translocations
 + Level 0.8 Transmutations
 + Level 0.8 Fire Magic
 + Level 5.4 Ice Magic
 + Level 0.8 Air Magic
 + Level 0.8 Earth Magic
 + Level 0.8 Poison Magic
 + Level 1.1 Invocations
 + Level 1.0 Evocations


You had 12 spell levels left.
You knew the following spells:

 Your Spells              Type           Power        Failure   Level  Hunger
a - Freeze                Ice            ####         1%          1    None

Your spell library contained the following spells:

 Spells                   Type           Power        Failure   Level  Hunger
 Throw Frost              Conj/Ice       ###...       3%          2    #......
 Ozocubu's Armour         Chrm/Ice       ###.....     11%         3    ##.....
 Throw Icicle             Conj/Ice       ###.....     26%         4    ####...
 Summon Ice Beast         Ice/Summ       ###.....     34%         4    ####...


Dungeon Overview and Level Annotations

Branches:
Dungeon (3/15)

Altars:


Innate Abilities, Weirdness & Mutations

Your experience applies equally to all skills.
You have very sharp teeth.
Your uncanny sense of smell can sniff out nearby items.


Message History

You hit the orc. You drain the orc.
The orc is almost dead.
The orc hits you with a +0 mace.
You hit the orc.
You kill the orc!
The orc wizard casts a spell.
The orc wizard flickers and vanishes!
Deactivating autopickup; reactivate with Ctrl-A.
You completely miss the orc warrior.
The orc warrior hits you with a +0 flail of venom!
You are lethally poisoned!
An orc comes into view.
You are too injured to fight recklessly!
You are too injured to fight recklessly!
Unknown command.
It was a potion of cancellation.
You feel magically purged.
* * * LOW HITPOINT WARNING * * *
You feel sick.
The orc warrior hits you with a +0 flail of venom!
You die...

#.##.###.####.#
#<............#
####.#######.##
#.# ... #.# ..#
#.# ..# #.# ..#
#.######$.###
#......@....#
########o.#....
..# # ..# .o#
... ####


You could see an orc warrior and an orc.

Vanquished Creatures
  3 adders (D:2)
  An ooze (D:1)
  A worm (D:3)
  A dart slug (D:1)
  An orc (D:3)
  4 giant cockroaches (D:1)
  2 goblins (D:1)
  4 hobgoblins
  5 kobolds
  3 bats (D:1)
  A frilled lizard (D:1)
  8 rats (D:1)
34 creatures vanquished.

Notes
Turn   | Place    | Note
-------+----------+-------------------------------------------
     0 | D:1      | Aesthetico the Gnoll Ice Elementalist began the quest for
                  | the Orb.
     0 | D:1      | Reached XP level 1. HP: 13/13 MP: 6/6
   268 | D:1      | Reached XP level 2. HP: 18/19 MP: 7/7
   595 | D:1      | Reached XP level 3. HP: 21/25 MP: 5/9
   620 | D:1      | Reached skill level 5 in Spellcasting
   919 | D:2      | Reached skill level 1 in Invocations
   947 | D:2      | Reached skill level 1 in Fighting
   947 | D:2      | Reached skill level 1 in Short Blades
   947 | D:2      | Reached skill level 1 in Long Blades
   947 | D:2      | Reached skill level 1 in Axes
   947 | D:2      | Reached skill level 1 in Maces & Flails
   947 | D:2      | Reached skill level 1 in Polearms
   947 | D:2      | Reached skill level 1 in Staves
   947 | D:2      | Reached skill level 1 in Slings
   947 | D:2      | Reached skill level 1 in Bows
   947 | D:2      | Reached skill level 1 in Crossbows
   947 | D:2      | Reached skill level 1 in Throwing
   947 | D:2      | Reached skill level 1 in Armour
   947 | D:2      | Reached skill level 1 in Shields
   947 | D:2      | Reached skill level 1 in Unarmed Combat
   947 | D:2      | Reached skill level 1 in Evocations
   958 | D:2      | Reached XP level 4. HP: 24/32 MP: 3/11
  1134 | D:3      | Found a faded altar of an unknown god.
  1221 | D:3      | Noticed an orc warrior
  1226 | D:3      | Slain by an orc warrior

Skill      XL: |  1  2  3 |
---------------+----------+-----
Conjurations   | 2 |  2.2
Spellcasting   | 5 |  5.0
Invocations    | 1 |  1.1
Fighting       | 1 |  1.0
Short Blades   | 1 |  1.0
Long Blades    | 1 |  1.0
Axes           | 1 |  1.0
Maces & Flails | 1 |  1.0
Polearms       | 1 |  1.0
Staves         | 1 |  1.0
Slings         | 1 |  1.0
Bows           | 1 |  1.0
Crossbows      | 1 |  1.0
Throwing       | 1 |  1.0
Armour         | 1 |  1.0
Shields        | 1 |  1.0
Unarmed Combat | 1 |  1.0
Evocations     | 1 |  1.0
Dodging        | |  4.6
Stealth        | |  4.2
Hexes          | |  0.8
Charms         | |  0.8
Summonings     | |  0.8
Necromancy     | |  0.8
Translocations | |  0.8
Transmutations | |  0.8
Fire Magic     | |  0.8
Ice Magic      | |  5.4
Air Magic      | |  0.8
Earth Magic    | |  0.8
Poison Magic   | |  0.8

Action                   |  1- 3 |  4- 6 || total
-------------------------+-------+-------++-------
Melee: Spear             |    38 |       ||    38
       Bite              |     3 |     1 ||     4
       Mace              |    14 |    16 ||    30
 Cast: Freeze            |    21 |     1 ||    22
  Use: Potion            |       |     1 ||     1
 Stab: Sleeping          |     9 |       ||     9
  Eat: Chunk             |       |     1 ||     1
Armor: Robe              |     8 |     1 ||     9
Dodge: Dodged            |    34 |    10 ||    44
